 Dungeon Crawl Stone Soup version 0.28.0-53-g5a82cb258f (webtiles) character file.

Game seed: 2371026835481872404

0 Faeu the Insei (level 1, 0/17 HPs)
             Began as a Djinni Transmuter on May 30, 2022.
             Constricted to death by a ball python (1 damage)
             ... on level 1 of the Dungeon.
             The game lasted 00:00:21 (30 turns).

Faeu the Insei (Djinni Transmuter)                    Turns: 30, Time: 00:00:22

Health: 0/17       AC:  2    Str:  9    XL:     1   Next: 11%
Gold:   0          EV:  9    Int: 14    God:
                   SH:  0    Dex: 13

rFire   + + .      SeeInvis .     - Unarmed
rCold   x . .      Faith    .   (no shield)
rNeg    . . .      Spirit   .   a - +0 robe
rPois   ∞          Reflect  .   (helmet currently unavailable)
rElec   .          Harm     .   (no cloak)
rCorr   .          Rampage  .   (no gloves)
Will    .....                   (boots unavailable)
Stlth   +.........              (no amulet)
HPRegen 0.05/turn               (no ring)
MPRegen 0.00/turn               (no ring)

@: appendages (expiring), flying, constricted
A: horns 2, flying, sickness immunity, fire resistance 2, cold vulnerability 1,
float, innate caster, HP casting, extra vitality 1
a: End Transformation


You were on level 1 of the Dungeon.
You had temporarily grown beastly horns.
You visited 1 branch of the dungeon, and saw 1 of its levels.


Innate Abilities, Weirdness & Mutations

You have temporarily grown beastly horns.
You are flying.
You are immune to sickness and miasma.
You are immune to poison.
Your flesh is very heat resistant. (rF++)
You are vulnerable to cold. (rC-)
You float through the air rather than walking.
You learn spells naturally, not from books.
Your magical power is your life essence.
You have superior vitality. (+4 MHP)


   Skills:
 + Level 1.0 Fighting
 - Level 2.1 Dodging
 + Level 3.0 Unarmed Combat
 - Level 1.5 Spellcasting


You couldn't memorise any spells.
You knew the following spells:

 Your Spells              Type           Power      Damage    Failure   Level
a - Beastly Appendage     Tmut           10%        N/A       13%         1
b - Wereblood             Tmut           5%         N/A       21%         2
c - Spider Form           Tmut/Pois      5%         N/A       36%         3
d - Ice Form              Ice/Tmut       5%         N/A       78%         4
Your spell library was empty.

Inventory:

Armour
 a - a +0 robe (worn)

Dungeon Overview and Level Annotations

Branches:
Dungeon (1/15)

Altars:

..#......####'####
#####..#........#
.......#...######
.......#...####
.............#
##........##..#
#.....#.....#.#
###.S.###...#
##@## #..#
#(..SJg..(#..#
##...b...## .#
#.......# #
...........
###.#...#....
..#...#...##
#..##$##..##


You could see an endoplasm, a goblin, a bat and 2 ball pythons.


Message History

🤖 Initializing magus.rc ... ✅ Successfully initialized magus.rc [v1.9.6] Welcome, Faeu the Djinni Transmuter.
They say the Orb of Zot lies within this dungeon, but they say a lot of things.
Press ? for a list of commands and other information.
You begin with the following spells memorised: Beastly Appendage, Wereblood, Spider Form, Ice Form.
You reach down and open the door.
There is an open door here.
A frilled lizard and a ball python come into view.
The frilled lizard hisses angrily.
The ball python moves out of view.
There are monsters nearby!
The ball python hisses angrily.
You hear a shout!
There are monsters nearby!
An endoplasm and a goblin come into view.
The goblin shouts!
The endoplasm quivers.
The frilled lizard closely misses you.
There are monsters nearby!
You miss the frilled lizard. The frilled lizard bites you. 😕 HP[-2]
You take 2 damage, and now have 15/17 hp.
Sorry, you're not good enough to have a special ability.
Cast which spell? (? or * to list)
You grow a pair of large bovine horns.
The frilled lizard bites you.
A ball python comes into view. 😕 HP[-1]
You take 1 damage, and now have 14/17 hp.
You barely miss the frilled lizard.
Your transformation is almost over.
The ball python hisses angrily.
The frilled lizard bites you. 😕 HP[-1]
You take 1 damage, and now have 13/17 hp.
You barely miss the frilled lizard. The frilled lizard closely misses you.
You miss the frilled lizard. The frilled lizard closely misses you.
You hit the frilled lizard but do no damage.
You headbutt the frilled lizard.
You kill the frilled lizard!
You closely miss the ball python.
A bat comes into view.
The ball python completely misses you. The ball python grabs you.
The ball python constricts you. The ball python closely misses you.
The ball python constricts you.
The bat moves out of view. 😮 HP[-1]
You take 1 damage, and now have 12/17 hp.
You barely miss the ball python. Your headbutt misses the ball python.
The ball python barely misses you.
The ball python constricts you. 😮 HP[-1]
You take 1 damage, and now have 11/17 hp.
You hit the ball python but do no damage.
The ball python loses its grip on you. The goblin hits you with a +0 dagger.
The endoplasm closely misses you.
The ball python closely misses you. x2; The ball python bites you.
* * * LOW HITPOINT WARNING * * *
The ball python misses you.
You see here a frilled lizard corpse. 😨 HP[-5]
You take 5 damage, and now have 6/17 hp.
MASSIVE DAMAGE!! (PAUSE)
You hit the ball python.
You headbutt the ball python, but do no damage.
The ball python bites you.
* * * LOW HITPOINT WARNING * * *
The ball python barely misses you.
The ball python bites you but does no damage.
The ball python grabs you. The ball python constricts you.
The goblin barely misses you. The endoplasm freezes you.
You are frozen.
* * * LOW HITPOINT WARNING * * *
😱 HP[-2]
You take 2 damage, and now have 4/17 hp.
You hit the ball python. The ball python completely misses you.
The ball python bites you.
* * * LOW HITPOINT WARNING * * *
The ball python constricts you.
* * * LOW HITPOINT WARNING * * *
The goblin hits you with a +0 dagger.
* * * LOW HITPOINT WARNING * * *
The endoplasm hits you but does no damage. 😱 HP[-3]
You take 3 damage, and now have 1/17 hp.
You closely miss the ball python. The ball python closely misses you. x2
The ball python constricts you.
You die...

Action                   || total
-------------------------++-------
Melee: Unarmed           ||    11
       Headbutt          ||     2
 Cast: Beastly Appendage ||     1
Armor: Robe              ||     2
Dodge: Dodged            ||    15

Levels and vault maps discovered:
D:1:      ncdulo_wetmaze, layout_basic, shapermc_ecumenical_altar_notcrosses,
          serial_aquarium, aquarium_bridge_straight [aquarium_subvault_bridge,
          aquarium_subvault_window, aquarium_subvault_bridge,
          aquarium_subvault_wall], aquarium_bridge_square
          [aquarium_subvault_bridge, aquarium_subvault_bridge,
          aquarium_subvault_bridge, aquarium_subvault_bridge],
          aquarium_window_corner, aquarium_window_fake, aquarium_view_4,
          aquarium_view_2f, aquarium_pool_2, minmay_three_crescents

Notes
Turn   | Place    | Note
-------+----------+-------------------------------------------
     0 | D:1      | Faeu the Djinni Transmuter began the quest for the Orb.
     0 | D:1      | Reached XP level 1. HP: 17/17 MP: 0/0
     0 | D:1      | magus.rc [v1.9.6]
    28 | D:1      | HP: 4/17 [frozen (1)]
    29 | D:1      | HP: 1/17 [goblin/+0 dagger (1)]
    30 | D:1      | Constricted to death by a ball python

Vanquished Creatures
  A frilled lizard (D:1)
1 creature vanquished.

Table legend:
 A = Non-vault XP
 B = Vault XP
 C = Vault XP percentage of total XP
 D = Non-vault monster count
 E = Vault monster count
 F = Vault count percentage of total count
                 A         B        C        D         E       F
            +---------+---------+-------+---------+---------+-------
      Total |       0 |       1 | 100.0 |       0 |       1 | 100.0
            +---------+---------+-------+---------+---------+-------
        D:1 |       0 |       1 | 100.0 |       0 |       1 | 100.0
            +---------+---------+-------+---------+---------+-------

Illustrated notes

Table legend:
 A = Kills in this place as a percentage of kills in entire the game.
 B = Kills by you in this place as a percentage of kills by you in the entire game.
 C = Kills by friends in this place as a percentage of kills by friends in the entire game.
 D = Other kills in this place as a percentage of other kills in the entire game.
 E = Experience gained in this place as a percentage of experience gained in the entire game.
 F = Experience gained in this place divided by the number of levels of this place that you have seen.
                   A       B       C       D       E      F
               +-------+-------+-------+-------+-------+----------------------
         Total | 100.0 | 100.0 |   N/A |   N/A | 100.0 |   1.0
       Dungeon | 100.0 | 100.0 |   N/A |   N/A | 100.0 |   1.0
               +-------+-------+-------+-------+-------+----------------------

Table legend: (Time is in decaauts)
 A = Elapsed time spent in this place.
 B = Non-inter-level travel time spent in this place.
 C = Inter-level travel time spent in this place.
 D = Time resting spent in this place.
 E = Time spent auto-exploring this place.
 F = Levels seen in this place.
 G = Mean time per level.
                   A        B        C        D        E       F      G
               +--------+--------+--------+--------+--------+-----+--------+
         Total |     29 |     29 |      0 |      0 |     14 |   1 |   29.0 |
       Dungeon |     29 |     29 |      0 |      0 |     14 |   1 |   29.0 |
               +--------+--------+--------+--------+--------+-----+--------+

Top non-repeatable levels by time:
     D:1: 29 daAuts
